 Dungeon Crawl Stone Soup version 0.30-a0-738-g116ff8c4af (webtiles) character file.

Game seed: 9950223875298511188

28 NinjaNoafa the Digger (level 3, -1/26 HPs)
             Began as a Meteoran Earth Elementalist on Feb 3, 2023.
             Killed by divine providence
             ... invoked by an orc priest
              (16 damage)
             ... on level 3 of the Dungeon.
             The game lasted 00:03:21 (595 turns).

NinjaNoafa the Digger (Meteoran Earth Elementalist)  Turns: 595, Time: 00:03:21

Health: -1/26      AC:  2    Str: 10    XL:     3   Next: 50%
Magic:  6/8        EV: 12    Int: 18    God:
Gold:   76         SH:  0    Dex: 14    Spells: 5/8 levels left

rFire   . . .      SeeInvis .    j - +0 short sword
rCold   . . .      Faith    .    (no shield)
rNeg    . . .      Spirit   .    a - +0 robe
rPois   .          Reflect  .    (no helmet)
rElec   .          Harm     .    (no cloak)
rCorr   .          Rampage  .    (no gloves)
Will    .....                    (no boots)
Stlth   +                        (no amulet)
HPRegen 0.24/turn                (no ring)
MPRegen 0.11/turn                (no ring)

@: glowing
A: sense surroundings 1, otherworldly, glowing, explore regen
a: no special abilities


You were on level 3 of the Dungeon.
You visited 1 branch of the dungeon, and saw 3 of its levels.

You collected 76 gold pieces.

Inventory:

Hand Weapons
 j - a +0 short sword (weapon)
Armour
 a - a +0 robe (worn)
Scrolls
 c - 2 scrolls of torment {unknown}
 d - a scroll of fog {unknown}
 e - 2 scrolls of teleportation {unknown}
 g - a scroll of immolation {unknown}
 h - a scroll of noise {unknown}
 i - a scroll of identify {unknown}
Potions
 b - a potion of magic
 f - a potion of degeneration {unknown}


   Skills:
 - Level 2.4 Dodging
 - Level 1.4 Stealth
 + Level 3.3 Spellcasting
 + Level 2.2 Transmutations
 + Level 4.2 Earth Magic


You had 5 spell levels left.
You knew the following spells:

 Your Spells              Type           Power      Damage    Failure   Level
a - Sandblast             Erth           36%        2d10      2%          1
b - Passwall              Tmut/Erth      11%        N/A       6%          2

Your spell library contained the following spells:

 Spells                   Type           Power      Damage    Failure   Level
 Stone Arrow              Conj/Erth      20%        3d8       21%         3
 Petrify                  Tmut/Erth      14%        N/A       38%         4


Dungeon Overview and Level Annotations

Branches:
Dungeon (3/15) Zot: 1197

Altars:


Innate Abilities, Weirdness & Mutations

You passively map a small area around you.
You are easily found by Zot.
You glow in the dark.
You regain HP and MP as you explore.


Message History

You open the door.
An adder comes into view.
Found a stone staircase leading down.
There is an open door here.
The blast of sand hits the adder!
You kill the adder!
You see here an adder corpse.
Okay, then.
You open the door.
There is an open door here.
Found 10 gold pieces.
Found a glowing blue potion.
You now have 76 gold pieces (gained 10).
f - a glowing blue potion
Found a scale mail.
(D) Dungeon
Where to? (Enter - D:2, ? - help)
You open the door.
There is an open door here.
There is a stone staircase leading down here.
You climb downwards.
The orc shouts!
Found a scroll labelled VOHIOF ZICRAX and a green potion.
There is a stone staircase leading up here.
There are monsters nearby!
You can't see any susceptible monsters within range! (Use Z to cast anyway.)
You can't see any susceptible monsters within range! (Use Z to cast anyway.)
An orc priest and an orc come into view.
The orc priest shouts!
The orc shouts!
The orc throws a boomerang of dispersal.
The boomerang of dispersal closely misses you.
The blast of sand hits the orc!
You kill the orc!
The blast of sand hits the orc but does no damage.
The orc priest calls down the wrath of Beogh upon you.
Beogh smites you!
The orc priest calls down the wrath of Beogh upon you.
Beogh smites you!
Ouch! That really hurt!
You die...

.# .##. * *
.#. , , .. ,,
, #########.#
, #.........#
* ** ,
#.........# ,
* .......@..#
#.........# ,
#......o..#
#.!..?o...# ,
#.........#**,
* **
#.....)..o#*,
#..........,,
,,
########....
.....


You could see an orc priest and 2 orcs.

Vanquished Creatures
  An adder (D:2)
  An orc (D:3)
  3 endoplasms (D:1)
  A giant cockroach (D:1)
  2 hobgoblins (D:1)
  2 quokkas (D:1)
  2 ball pythons (D:1)
  3 bats
  2 kobolds
17 creatures vanquished.

Notes
Turn   | Place    | Note
-------+----------+-------------------------------------------
     0 | D:1      | NinjaNoafa the Meteoran Earth Elementalist began the quest
                  | for the Orb.
     0 | D:1      | Reached XP level 1. HP: 14/14 MP: 5/5
    32 | D:1      | Reached XP level 2. HP: 20/20 MP: 3/6
   135 | D:1      | Reached skill level 4 in Earth Magic
   398 | D:2      | Learned a level 2 spell: Passwall
   435 | D:2      | Reached XP level 3. HP: 26/26 MP: 6/8
   595 | D:3      | Killed from afar by an orc priest

Illustrated notes

Levels and vault maps discovered:
D:1:      dpeg_arrival_long_road, layout_basic, serial_shops, shop,
          serial_curves, eino_curves_04, eino_curves_03, eino_curves_03
D:2:      layout_loops_corners, basic_ecumenical_altar
D:3:      layout_basic, grunt_temple_overflow_open, palyth_stone_intersect,
          minmay_goblin_kobold_house

Skill      XL: |  1  2 |
---------------+-------+-----
Spellcasting   | 3 |  3.3
Earth Magic    | 4 |  4.2
Transmutations | 2 |  2.2
Dodging        | |  2.4
Stealth        | |  1.4

Action                     || total
---------------------------++-------
  Melee: Unarmed           ||     8
         Spear             ||     1
   Cast: Sandblast         ||    18
 Armour: Robe              ||     4
  Dodge: Dodged            ||     9

Table legend: (Time is in decaauts)
 A = Elapsed time spent in this place.
 B = Non-inter-level travel time spent in this place.
 C = Inter-level travel time spent in this place.
 D = Time resting spent in this place.
 E = Time spent auto-exploring this place.
 F = Levels seen in this place.
 G = Mean time per level.
                   A        B        C        D        E       F      G
               +--------+--------+--------+--------+--------+-----+--------+
         Total |    601 |    541 |     60 |      0 |    254 |   3 |  200.3 |
       Dungeon |    601 |    541 |     60 |      0 |    254 |   3 |  200.3 |
               +--------+--------+--------+--------+--------+-----+--------+

Top non-repeatable levels by time:
     D:1: 379 daAuts
     D:2: 218 daAuts
     D:3: 4 daAuts
